 Dungeon Crawl Stone Soup version 0.29.1-15-g9cfb28693d (webtiles) character file.

Game seed: 10000469579681664456

4718 hawla the Thaumaturge (level 11, -2/80 HPs)
             Began as a Meteoran Ice Elementalist on Mar 3, 2023.
             Was a Believer of Vehumet.
             Slain by a tengu warrior
             ... wielding a +0 vorpal dire flail
              (5 damage)
             ... on level 9 of the Dungeon.
             The game lasted 00:24:41 (4779 turns).

hawla the Thaumaturge (Meteoran Ice Elementalist)   Turns: 4779, Time: 00:24:42

Health: -2/80      AC:  8    Str: 13    XL:     11   Next: 3%
Magic:  23/26      EV: 15    Int: 21    God:    Vehumet [**....]
Gold:   429        SH:  0    Dex: 22    Spells: 19/31 levels left

rFire   + + .      SeeInvis +   h - +10 hammer "Goblin's Death" {freeze, rF+ rC+ Str+3 Stlth+}
rCold   + . .      Faith    .   (no shield)
rNeg    . . .      Spirit   .   j - +1 robe "Agad" {rElec Dex+7 SInv}
rPois   .          Reflect  .   f - +2 hat
rElec   +          Harm     .   u - +1 cloak
rCorr   .          Rampage  .   (no gloves)
Will    +....                   l - +0 pair of boots
Stlth   ++........              (no amulet)
HPRegen 0.23/turn               i - ring of protection from fire
MPRegen 0.20/turn               (no ring)

@: freezing walls, glowing
A: sense surroundings 2, otherworldly, glowing, explore regen
a: Renounce Religion


You were on level 9 of the Dungeon.
You worshipped Vehumet.
Vehumet was pleased with you.
You visited 2 branches of the dungeon, and saw 10 of its levels.

You collected 429 gold pieces.

Inventory:

Hand Weapons
 g - the +4 dagger "Morg" {pain, Will+ Int+5}
   (You found it on level 6 of the Dungeon)

   In the hands of one skilled in necromantic magic, it inflicts extra damage on
   living creatures.
   Int:       It affects your intelligence (+5).
   Will:      It increases your willpower.
 h - the +10 hammer "Goblin's Death" (weapon) {freeze, rF+ rC+ Str+3 Stlth+}
   (You found it on level 6 of the Dungeon)

   It freezes those it strikes, dealing additional cold damage.
   It can also slow down cold-blooded creatures.
   Str:       It affects your strength (+3).
   rF:        It protects you from fire.
   rC:        It protects you from cold.
   Stlth:     It makes you more stealthy.
Armour
 f - a +2 hat (worn)
 j - the +1 robe "Agad" (worn) {rElec Dex+7 SInv}
   (You found it on level 3 of the Dungeon)

   Dex:       It affects your dexterity (+7).
   rElec:     It insulates you from electricity.
   SInv:      It lets you see invisible.
 l - a +0 pair of boots (worn)
 u - a +1 cloak (worn)
Jewellery
 i - a ring of protection from fire (left hand)
 q - a ring of wizardry
Wands
 o - a wand of polymorph (6)
 v - a wand of iceblast (18)
 y - a wand of flame (38) (quivered)
Scrolls
 e - a scroll of magic mapping {unknown}
 k - a scroll of poison
 m - a scroll of amnesia
 n - 2 scrolls of enchant armour
 t - a scroll of identify
 w - a scroll of immolation {unknown}
 z - a scroll of enchant weapon
Potions
 a - 2 potions of mutation {unknown}
 b - 2 potions of magic
 c - 3 potions of attraction
 d - a potion of haste
 p - 2 potions of cancellation
 r - 3 potions of curing
 s - 2 potions of might
 x - a potion of heal wounds
 A - a potion of brilliance {unknown}


   Skills:
 + Level 2.4 Fighting
 + Level 1.9 Short Blades
 + Level 1.4 Maces & Flails
 + Level 4.6 Dodging
 - Level 1.4 Stealth
 + Level 10.5 Spellcasting
 + Level 7.2 Conjurations
 + Level 5.6 Necromancy
 + Level 9.4 Ice Magic
 + Level 3.0 Evocations


You had 19 spell levels left.
You knew the following spells:

 Your Spells              Type           Power      Damage    Failure   Level
a - Freeze                Ice            100%       1d11      1%          1
b - Frozen Ramparts       Ice            100%       1d16      1%          3
c - Hailstorm             Conj/Ice       46%        3d11      1%          4
d - Dispel Undead         Necr           34%        3d15      6%          4

Your spell library contained the following spells:

 Spells                   Type           Power      Damage    Failure   Level
 Poisonous Vapours        Pois/Air       22%        N/A       10%         2
 Ozocubu's Armour         Ice            50%        N/A       1%          3
 Summon Small Mammal      Summ           44%        N/A       6%          1
 Animate Dead             Necr           34%        N/A       6%          4
 Call Canine Familiar     Summ           11%        N/A       19%         3
 Portal Projectile        Hex/Tloc       22%        N/A       19%         3
 Summon Guardian Golem    Hex/Summ       11%        N/A       19%         3
 Teleport Other           Tloc           11%        N/A       19%         3
 Anguish                  Hex/Necr       11%        N/A       19%         4
 Borgnjor's Vile Clutch   Necr/Erth      11%        N/A       47%         5
 Cause Fear               Hex            5%         N/A       52%         4
 Dragon Form              Tmut           5%         N/A       100%        7
 Haunt                    Necr/Summ      11%        N/A       100%        7
 Infestation              Necr           17%        N/A       100%        8
 Dragon's Call            Summ           5%         N/A       100%        9


Dungeon Overview and Level Annotations

Branches:
Dungeon (9/15) Zot: 829    Temple (1/1) D:5 Zot: 373
   Lair: D:8-11         Orc: D:9-12

Altars:
Ashenzari
Cheibriados
Dithmenos
Elyvilon
Fedhas
Gozag
Hepliaklqana
Kikubaaqudgha
Makhleb
Nemelex Xobeh
Okawaru
Qazlal
Ru
Sif Muna
Trog
Uskayaw
Vehumet
Wu Jian
Xom
Yredelemnul
Zin
The Shining One


Innate Abilities, Weirdness & Mutations

You passively map the area around you.
You are easily found by Zot.
You glow in the dark.
You regain HP and MP as you explore.


Message History

The tengu warrior claws you.
The tengu warrior hits you with a +0 vorpal dire flail!
The tengu warrior misses you. The tengu warrior closely misses you.
The tengu warrior misses you. The tengu warrior pecks you.
The tengu warrior claws you but does no damage.
The tengu warrior attacks as you move away!
The tengu warrior completely misses you.
The tengu warrior pecks you.
The tengu warrior claws you but does no damage.
The tengu warrior attacks as you move away!
The tengu warrior hits you with a +0 vorpal dire flail.
The tengu warrior pecks you.
The tengu warrior claws you but does no damage.
Casting: Hailstorm (dangerous; 1% risk of failure)
Confirm with . or Enter, or press ? or * to list all spells.
Casting: Frozen Ramparts (safe; 1% risk of failure)
Press: ? - help, Dir - look around, f - activate The walls around you are covered in ice.
The wall freezes the tengu warrior.
The tengu warrior hits you with a +0 vorpal dire flail!!
* * * LOW HITPOINT WARNING * * *
x2 The tengu warrior pecks you but does no damage.
The tengu warrior barely misses you.
Okay, then.
You feel much better.
The wall freezes the tengu warrior!
The tengu warrior hits you with a +0 vorpal dire flail.
* * * LOW HITPOINT WARNING * * *
x2 The tengu warrior pecks you.
* * * LOW HITPOINT WARNING * * *
The tengu warrior claws you but does no damage.
Unknown command.
You hit the tengu warrior. You freeze the tengu warrior.
The tengu warrior is moderately wounded.
The wall freezes the tengu warrior!
The tengu warrior misses you. The tengu warrior closely misses you.
The tengu warrior claws you.
* * * LOW HITPOINT WARNING * * *
The wall freezes the tengu warrior!
The tengu warrior hits you with a +0 vorpal dire flail!
* * * LOW HITPOINT WARNING * * *
You die...

..###########.###################
..# #.###################
..###########....................
.................................
.........############............
######...# #..########## #...#
#..##########
######...############............
.........._.....@Q...............
######.##############...#########
#.# #...# #.# #...#
#.##############...#########
######....(......................
.................................
###..............................
#..###################.########


You could see a tengu warrior.

Vanquished Creatures
  Pikel (D:7)
  Maggie (D:8)
  A shadow (D:9)
  2 wraiths
  An acid dragon (D:8)
  A water moccasin (D:8)
  Duvessa (D:7)
  An orc warrior (D:7)
  A sky beast (D:8)
  A black bear (D:6)
  2 ogres (D:7)
  A centaur (D:8)
  3 lemures (D:7)
  A kobold brigand (D:8)
  4 bullfrogs
  3 necrophages
  4 scorpions
  A water moccasin zombie (D:6)
  Dowan (D:7)
  28 killer bees
  A wyvern simulacrum (D:6)
  A bullfrog skeleton (D:6)
  4 orc priests
  Crazy Yiuf (D:6)
  4 hounds
  4 iguanas
  4 orc wizards
  A centaur simulacrum (D:6)
  A mummy (D:9)
  5 adders
  A shadow imp (D:6)
  2 white imps
  2 ufetubi
  2 dart slugs
  12 orcs
  4 endoplasms
  2 giant cockroaches
  4 goblins
  3 quokkas
  7 ball pythons
  5 bats
  A frilled lizard (D:3)
  7 kobolds
  5 rats
142 creatures vanquished.

Vanquished Creatures (others)
  17 withered plants (D:6)
17 creatures vanquished.

Grand Total: 159 creatures vanquished

Notes
Turn   | Place    | Note
-------+----------+-------------------------------------------
     0 | D:1      | hawla the Meteoran Ice Elementalist began the quest for the
                  | Orb.
     0 | D:1      | Reached XP level 1. HP: 14/14 MP: 5/5
    29 | D:1      | Reached XP level 2. HP: 13/20 MP: 0/6
   158 | D:2      | Reached skill level 3 in Spellcasting
   158 | D:2      | Reached XP level 3. HP: 23/26 MP: 5/8
   160 | D:2      | Reached skill level 5 in Ice Magic
   200 | D:3      | Found a glowing silver altar of Zin.
   203 | D:3      | Identified the +1 robe "Agad" {rElec Dex+7 SInv}
   286 | D:2      | Learned a level 3 spell: Frozen Ramparts
   412 | D:4      | Noticed a necrophage
   415 | D:4      | Reached XP level 4. HP: 33/33 MP: 9/9
   424 | D:4      | Killed a necrophage
   425 | D:4      | Reached skill level 4 in Spellcasting
   425 | D:4      | Reached XP level 5. HP: 27/38 MP: 0/12
   437 | D:4      | Learned a level 4 spell: Hailstorm
   795 | D:5      | Entered Level 5 of the Dungeon
   799 | D:5      | Reached skill level 1 in Conjurations
   906 | D:5      | Reached XP level 6. HP: 45/45 MP: 2/13
   907 | D:5      | Found a staircase to the Ecumenical Temple.
   975 | Temple   | Entered the Ecumenical Temple
  1176 | Temple   | Became a worshipper of Vehumet
  1682 | D:5      | Reached skill level 5 in Conjurations
  1682 | D:5      | Reached XP level 7. HP: 50/50 MP: 6/14
  1906 | D:6      | Reached skill level 1 in Evocations
  2043 | D:6      | Reached skill level 5 in Spellcasting
  2043 | D:6      | Reached XP level 8. HP: 48/58 MP: 7/16
  2240 | D:6      | Found a runed translucent door.
  2241 | D:6      | Noticed Crazy Yiuf
  2377 | D:6      | Noticed a wraith
  2378 | D:6      | Found the +4 dagger "Morg" {pain, Will+ Int+5}
  2527 | D:6      | Killed a wraith
  2528 | D:6      | Reached skill level 1 in Fighting
  2528 | D:6      | Reached skill level 6 in Spellcasting
  2552 | D:6      | Identified a scroll of acquirement
  2552 | D:6      | Acquired the Cyclopedia of Bloody Peregrination
  2751 | D:6      | Learned a level 4 spell: Dispel Undead
  2776 | D:6      | Reached skill level 1 in Necromancy
  2958 | D:6      | Killed Crazy Yiuf
  2959 | D:6      | Gained mutation: You passively map the area around you.
                  | [Meteoran growth]
  2959 | D:6      | Reached XP level 9. HP: 60/64 MP: 14/19
  2963 | D:6      | Identified the +10 hammer "Goblin's Death" {freeze, rF+ rC+
                  | Str+3 Stlth+}
  3008 | D:7      | Reached * piety under Vehumet
  3008 | D:7      | Offered knowledge of Sandblast by Vehumet.
  3181 | D:7      | Reached skill level 1 in Short Blades
  3181 | D:7      | Reached skill level 1 in Maces & Flails
  3194 | D:7      | Reached skill level 7 in Spellcasting
  3238 | D:7      | Noticed Pikel
  3246 | D:7      | Killed Pikel
  3393 | D:7      | Noticed Dowan
  3394 | D:7      | Noticed Duvessa
  3410 | D:7      | Killed Duvessa
  3411 | D:7      | Killed Dowan
  3678 | D:8      | Reached skill level 8 in Spellcasting
  3678 | D:8      | Reached XP level 10. HP: 73/73 MP: 13/23
  3712 | D:8      | Reached skill level 5 in Necromancy
  3851 | D:8      | Reached skill level 9 in Spellcasting
  3868 | D:8      | Reached ** piety under Vehumet
  3868 | D:8      | Offered knowledge of Poisonous Vapours by Vehumet.
  3899 | D:8      | Found a sparkling altar of Nemelex Xobeh.
  3899 | D:8      | Found a sacrificial altar of Ru.
  3958 | D:8      | Noticed Maggie
  3966 | D:8      | Killed Maggie
  4274 | D:9      | Reached skill level 10 in Spellcasting
  4335 | D:9      | Found a bloodstained altar of Trog.
  4525 | D:9      | Found a snail-covered altar of Cheibriados.
  4564 | D:9      | Noticed a tengu warrior
  4646 | D:9      | Reached XP level 11. HP: 36/80 MP: 20/26
  4779 | D:9      | HP: 3/80 [tengu warrior/+0 vorpal dire flail (17)]
  4779 | D:9      | Slain by a tengu warrior

Illustrated notes

Levels and vault maps discovered:
D:1:      eino_arrival_water_cross, layout_loops_ring, minmay_heptomino_l4
D:2:      layout_basic, uniq_sigmund, uniq_terence
D:3:      minmay_evil_eye, layout_rooms, mainiacjoe_overflow_alcove_2,
          hellmonk_ecumenical_altar_watching_god, nrook_campfire
D:4:      layout_rooms, st_stairs_14, nicolae_figureground_sparkle
D:5:      layout_loops_corners, minmay_temple_entry_mini_moons
D:6:      layout_basic, dilly_guarded_unrand_morg, uniq_crazy_yiuf_cottage
D:7:      layout_gridville, uniq_duvessa, uniq_pikel
D:8:      layout_rooms, gammafunk_temple_overflow_pools, uniq_maggie
D:9:      layout_long_grid, overflow_temple_1_default, slow_altar_2
Temple:   nicolae_temple_bog_church

Skill      XL: |  1  2  3  4  5  6  7  8  9 10 |
---------------+-------------------------------+-----
Spellcasting   | 3 4 5 6 8 10 | 10.5
Ice Magic      | 5 6 7 9 |  9.4
Conjurations   | 3 5 6 7 |  7.2
Evocations     | 3 |  3.0
Dodging        | 3 4 |  4.6
Fighting       | 1 2 |  2.4
Necromancy     | 2 4 5 |  5.6
Short Blades   | 1 |  1.9
Maces & Flails | 1 |  1.4
Stealth        | |  1.4

Action                   |  1- 3 |  4- 6 |  7- 9 | 10-12 || total
-------------------------+-------+-------+-------+-------++-------
Melee: Unarmed           |     6 |     9 |    35 |       ||    50
       Dagger            |       |       |     4 |    21 ||    25
       Mace              |       |       |       |     5 ||     5
 Cast: Freeze            |    39 |    22 |    44 |    12 ||   117
       Frozen Ramparts   |     1 |    12 |    16 |    13 ||    42
       Hailstorm         |       |     4 |    29 |    33 ||    66
       Dispel Undead     |       |       |     3 |     4 ||     7
  Use: Scroll            |       |       |    17 |     1 ||    18
       Potion            |       |       |     6 |     3 ||     9
Armor: Robe              |    11 |     4 |    33 |    28 ||    76
       Skin              |       |       |    14 |       ||    14
Dodge: Dodged            |    19 |    10 |    44 |    47 ||   120
